 Crawl Stoat Soup version 0.22-s0-30-g426fcc6 (webtiles) character file.

3 fortunato the Ducker (level 1, -3/7 HPs)
             Began as a Felid Air Elementalist on Dec 10, 2019.
             Was an Initiate of Trog.
             Slain by a hound (5 damage)
             ... on level 4 of the Dungeon.
             The game lasted 00:01:24 (166 turns).

fortunato the Ducker (Felid Air Elementalist)        Turns: 166, Time: 00:01:25

Health: -3/7       AC:  1    Str:  4    XL:     1   Next: 41%
Magic:  4/4        EV: 18    Int: 16    God:    Trog [......]
Gold:   35         SH:  0    Dex: 16    Spells: 3/4 levels left
                                        Lives:  0   Deaths: 0

rFire    . . .     SeeInvis +   (weapon unavailable)
rCold    . . .     Gourm    .   (shield unavailable)
rNeg     . . .     Faith    .   (armour unavailable)
rPois    .         Spirit   .   (helmet unavailable)
rElec    .         Reflect  .   (cloak unavailable)
rCorr    .         Harm     .   (gloves unavailable)
MR       .....                  (boots unavailable)
Stlth    +++.......             (no amulet)
HPRegen  0.02/turn              (no ring)
MPRegen  0.09/turn              (no ring)

@: quick
A: very small, no armour, no weapons or thrown items, stealth, claws 1, fangs 3,
see invisible, carnivore, speed 1, shaggy fur 1, slow metabolism 1, sharp paws
a: Renounce Religion


You were on level 4 of the Dungeon.
You worshipped Trog.
Trog was noncommittal.
You were not hungry.

You visited 1 branch of the dungeon, and saw 4 of its levels.

You collected 35 gold pieces.

Inventory:

Scrolls
 a - 2 scrolls of identify {unknown}
Potions
 c - a potion of might {unknown}
Comestibles
 b - a meat ration


   Skills:
 + Level 2.9 Dodging
 + Level 2.6 Stealth
 - Level 2.0 Spellcasting
 - Level 0.8 Conjurations
 - Level 2.8 Air Magic


You had 3 spell levels left.
You knew the following spells:

 Your Spells              Type           Power        Failure   Level  Hunger
a - Shock                 Conj/Air       #...         10%         1    #......

Your spell library contained the following spells:

 Spells                   Type           Power        Failure   Level  Hunger
 Swiftness                Chrm/Air       #.......     19%         2    ###....
 Static Discharge         Conj/Air       #.......     28%         3    ###....
 Airstrike                Air            ##........   54%         4    #####..
 Lightning Bolt           Conj/Air       #.........   95%         5    ######.


Dungeon Overview and Level Annotations

Branches:
Dungeon (4/15)
 Temple: D:4-7

Altars:
Trog

Annotations:
D:3 Robin
D:4 Duvessa


Innate Abilities, Weirdness & Mutations

You cannot wear armour.
You are incapable of wielding weapons or throwing items.
Your paws allow you to move quietly. (Stealth)
You have sharp claws.
You have razor-sharp teeth.
You have supernaturally acute eyesight. (SInv)
You are carnivorous and can eat meat at any time.
You cover ground quickly.
You are covered in fur. (AC +1)
You have a slow metabolism.
Your sharp claws are effective at attacking unaware monsters.


Message History

Duvessa moves out of view.
You are too injured to fight recklessly!
You scratch the hound but do no damage. Your bite misses the hound.
The hound pauses to sniff the ground.
The hound barely misses you.
You barely miss the hound. The hound misses you.
The hound completely misses you.
You scratch the hound.
The hound is lightly wounded.
The hound barely misses you.
You closely miss the hound.
The hound is lightly wounded.
The hound bites you but does no damage.
Duvessa gestures with her weapon.
The hound barely misses you.
You barely miss the hound. You bite the hound, but do no damage.
The hound is lightly wounded.
The hound bites you.
Ouch! That really hurt!
You die...

#.......'...#
#.......#...# ......
####.......###.# ...#.+#
.....#########'##.......
.....'..........#.......
.....#..........#.......
.....#..#...##..#.......
.....#..#._..##'#e......
.....#+##.......@<......
######......#....h......
#.......#...........
#.......#........###
###'######....#####
#.............#
#....(........#
#.............#
#.............+


You could see Duvessa and a hound.

Vanquished Creatures
  A giant cockroach (D:3)
  A hobgoblin (D:2)
  A rat (D:2)
3 creatures vanquished.

Notes
Turn   | Place    | Note
-------+----------+-------------------------------------------
     0 | D:1      | fortunato the Felid Air Elementalist began the quest for
                  | the Orb.
     0 | D:1      | Reached XP level 1. HP: 7/7 MP: 4/4
    79 | D:3      | Noticed Robin
   117 | D:4      | Found a bloodstained altar of Trog.
   123 | D:4      | Became a worshipper of Trog the Wrathful
   159 | D:4      | Noticed a hound
   161 | D:4      | Noticed Duvessa
   166 | D:4      | Slain by a hound

Vault maps used:
D:1:      dpeg_arrival_water_fire, st_stairs_13
D:2:      bloody_makhleb
D:3:      nicolae_dithmenos_through_a_glass_darkly, portal_sewer_entry_e,
          uniq_robin
D:4:      bloody_trog, dancing_weapons_uskayaw, first_bread, uniq_ijyb,
          uniq_duvessa

Action                   || total
-------------------------++-------
Melee: Unarmed           ||    26
       Bite              ||     3
 Stab: Sleeping          ||     2
Armor: Skin              ||     3
Dodge: Dodged            ||    21

Table legend:
 A = Spawn XP
 B = Non-spawn XP
 C = Spawn XP percentage of total XP
 D = Spawn monster count
 E = Non-spawn monster count
 F = Spawn count percentage of total count
 G = Total turns spent on level
                    A         B        C        D         E        F      G
               +---------+---------+-------+---------+---------+-------+---------
         Total |       0 |       5 |   0.0 |       0 |       3 |   0.0 |   166
               +---------+---------+-------+---------+---------+-------+---------
           D:2 |       0 |       3 |   0.0 |       0 |       2 |   0.0 |    26
           D:3 |       0 |       2 |   0.0 |       0 |       1 |   0.0 |    18
               +---------+---------+-------+---------+---------+-------+---------
